AoeStats
← FirebirD

Arena

510382389Analyzed
1v1 RM · 16h ago on Sep 30, 2026· 49m 36s· 2 players
Game mode
Random Map
Map size
Tiny (2 player)
Population
200
Speed
Normal
Resources
Standard
Victory
Conquest
Starting age
Dark Age
Ending age
Imperial Age
RankedLock teamsTeams togetherTeam positionsShared explorationLock speedFull tech treeHidden civsTurbo modeCheats
Victory
Defeat
🇩🇰 Ethiopians · Denmark
1946
+11
🇪🇸 Britons · Spain
1834
-11
FirebirD
10:49 Feudal Age
11:41 Double-Bit Axe
12:00 Horse Collar
14:23 Castle Age
16:18 Bow Saw
20:19 Wheelbarrow
20:35 Stone Mining
26:18 Imperial Age
25:00 Gold Mining
25:11 Heavy Plow
25:15 Town Watch
25:03 Crossbowman
25:34 Fletching
28:01 Chemistry
27:11 Bodkin Arrow
27:55 Husbandry
28:06 Onager
28:45 Elite Skirmisher
29:27 Bracer
29:38 Loom
30:13 Padded Archer Armor
30:35 Ballistics
31:14 Conscription
31:44 Leather Archer Armor
31:55 Masonry
33:10 Hand Cart
32:49 Light Cavalry
33:35 Scale Barding Armor
34:52 Cavalier
35:54 Chain Barding Armor
36:29 Forging
38:02 Siege Engineers
39:31 Ring Archer Armor
41:44 Iron Casting
42:14 Yeomen
43:00 Plate Barding Armor
43:17 Architecture
44:19 Blast Furnace
46:53 Warwolf
Kejserguldbajer 2.
9:13 Feudal Age
10:31 Double-Bit Axe
13:10 Castle Age
11:19 Horse Collar
15:00 Bow Saw
19:53 Heavy Plow
21:01 Wheelbarrow
22:53 Gold Mining
26:14 Imperial Age
23:49 Padded Archer Armor
24:04 Loom
24:04 Town Watch
24:14 Fletching
25:03 Ballistics
25:14 Bodkin Arrow
24:52 Elite Skirmisher
26:00 Leather Archer Armor
27:02 Hand Cart
27:56 Chemistry
27:50 Bracer
29:16 Ring Archer Armor
29:40 Scale Mail Armor
31:07 Siege Engineers
31:41 Squires
31:02 Man-at-Arms
31:23 Crossbowman
32:22 Forging
32:41 Thumb Ring
33:29 Arbalester
35:06 Chain Mail Armor
35:27 Iron Casting
34:40 Arson
36:24 Plate Mail Armor
36:47 Conscription
36:21 Elite Shotel Warrior
41:25 Two-Man Saw
42:21 Royal Heirs
47:17 Blast Furnace
Connection lost

Rejoining the realm…

Still unreachable

The connection could not be restored.

Session expired

The server has moved on; the page needs a fresh start.